 Dungeon Crawl Stone Soup version 0.16-a0-4097-gb4d75fa (webtiles) character file.

13502 BluebellGnoll the Archer (level 11, -13/121 HPs)
             Began as a High Elf Hunter on Feb 24, 2015.
             Was an Elder of Nemelex Xobeh.
             Splashed by a brown ugly thing's acid (15 damage)
             ... on level 13 of the Dungeon on Feb 25, 2015.
             The game lasted 01:34:14 (15568 turns).

BluebellGnoll the Archer (High Elf Hunter)         Turns: 15568, Time: 01:34:16

Health: -13/121    AC: 25    Str: 10    XL:     11   Next: 76%
Magic:  26/26      EV:  2    Int: 16    God:    Nemelex Xobeh [****..]
Gold:   502        SH:  0    Dex: 20    Spells: 0 memorised, 10 levels left

rFire  . . .     SeeInvis +     X - +2 scimitar
rCold  . . .     Clarity  .     I - melded +3 leather armour {rC+}
rNeg   + + +     SustAb   .     (no shield)
rPois  +         Gourm    +     K - melded +0 helmet of the Hall of Blades {+Fly rN+ Int+2} (curse)
rElec  .         Spirit   .     (cloak currently unavailable)
rCorr  .         Warding  .     Q - melded +1 pair of gloves {Dex+3}
rMut   .         NoTele   +     C - melded +0 pair of boots "Fis Nim" {Int+4}
MR     +....                    o - amulet of the gourmand
Stlth  +++.......               N - ring of see invisible
                                j - ring of stealth

@: tree-form, aura of abjuration, somewhat resistant to hostile enchantments,
fairly stealthy
A: no striking features
a: Triple Draw, Deal Four, Renounce Religion


You were on level 13 of the Dungeon.
You worshipped Nemelex Xobeh.
Nemelex Xobeh was greatly pleased with you.
You were very full.
You were a tree.
You visited 3 branches of the dungeon, and saw 16 of its levels.

You collected 879 gold pieces.
You spent 377 gold pieces at shops.

Inventory:

Hand weapons
 T - a +5 shortbow of velocity
 X - a +2 scimitar (weapon)
Missiles
 z - 43 arrows
 H - 2 throwing nets (quivered)
Armour
 k - a +1 helmet
 C - the +0 pair of boots "Fis Nim" (melded) {Int+4}
   (You bought it in a shop on level 7 of the Dungeon)

   It affects your intelligence (+4).
 I - a +3 leather armour of cold resistance (melded)
 K - the cursed +0 helmet of the Hall of Blades (melded) {+Fly rN+ Int+2}
   (You found it on level 12 of the Dungeon)

   It affects your intelligence (+2).
   It protects you from negative energy.
   It lets you fly.
   It has a curse placed upon it.
 Q - a +1 pair of gloves of dexterity (melded)
Jewellery
 c - an uncursed ring of fire
 j - a ring of stealth (left branch)
 o - an amulet of the gourmand (around neck)
 F - an uncursed ring of positive energy
 N - a ring of see invisible (right branch)
Magical devices
 q - a wand of teleportation (0)
 x - a wand of slowing (15)
 D - a wand of digging (10)
 G - a wand of disintegration (9)
 J - a wand of magic darts (22)
 M - a wand of disintegration (7)
 O - a wand of polymorph (7)
 P - a wand of cold (13)
Scrolls
 a - a scroll of remove curse
 m - a scroll of fog
 s - 3 scrolls of immolation
 B - a scroll of teleportation
 E - a scroll of fear
Potions
 b - a potion of haste
 e - a potion of cancellation
 g - 3 potions of ambrosia
 i - 3 potions of magic
 l - 5 potions of resistance
 n - 2 potions of invisibility {unknown}
 r - 2 potions of degeneration {unknown}
 t - a potion of cure mutation {unknown}
 S - a potion of heal wounds {unknown}
 W - 4 potions of curing
Miscellaneous
 d - a plain deck of escape {drawn: 3}
 h - a plain deck of war {drawn: 3}
 p - a plain deck of summoning {drawn: 2}
 u - a legendary deck of war {the Crusade, left: 4}
 v - a plain deck of defence {drawn: 1}
 y - a legendary deck of war {drawn: 3}
 A - an ornate deck of destruction {drawn: 7}
 R - a fan of gales
 U - an ornate deck of escape {drawn: 7}
 Z - an ornate deck of war
Comestibles
 f - 11 bread rations
 L - 2 meat rations


   Skills:
 - Level 10.3 Fighting
 + Level 9.6 Long Blades
 - Level 13.3 Bows
 - Level 6.5 Dodging
 - Level 1.1 Stealth
 - Level 9.3 Evocations


You had 10 spell levels left.
You didn't know any spells.

Dungeon Overview and Level Annotations

Branches:
Dungeon (13/15)            Temple (1/1) D:5            Lair (2/8) D:10
    Orc (0/4) D:12
 Vaults: D:13-14

Altars:
Cheibriados
Makhleb
Nemelex Xobeh
Okawaru
Ru
Sif Muna
Trog
Xom
Yredelemnul

Shops:
D:5 [   D:7 [   D:8 [   D:12 =


Message History

The brown ugly thing trunk-slaps you.
* * * LOW HITPOINT WARNING * * *
You are splashed with acid!
The acid burns!
* * * LOW HITPOINT WARNING * * *
Unknown command.
Really attack while wielding your +5 shortbow of velocity? [Y]es or [N]o only, please.
Really attack while wielding your +5 shortbow of velocity?
Unknown command.
Unknown command.
Unknown command.
Wield which item (- for none, * to show all)? (? for menu, Esc to quit)
X - a +2 scimitar (weapon)
You hit the brown ugly thing.
The brown ugly thing is lightly wounded.
The brown ugly thing trunk-slaps you!
* * * LOW HITPOINT WARNING * * *
You are splashed with acid!
The acid burns!
You die...
Your body glows with a rainbow of weird colours and disappears.

#### # ...#
#.##.#.#
#.###.$##.##
#.#♣uH......
#.###...#.#.
..............#
###.#.......##
# ##.....##
##...## ##.##
##


You could see a brown ugly thing and a hippogriff.

Vanquished Creatures
  The ghost of MrRokkomies the Martial Artist, an experienced OpTm of Okawaru (D:8)
  An unseen horror (D:11)
  An anubis guard (D:11)
  2 hill giants
  A cyclops (D:12)
  An eye of devastation (D:11)
  3 spiny frogs
  The ghost of Turgon the Skirmisher, an average DsBe of Trog (D:6)
  A trapdoor spider zombie (D:12)
  A raiju (D:11)
  A deep elf mage (D:10)
  3 yaks (D:11)
  4 hippogriffs
  7 wolves (Lair:2)
  Edmund (D:4)
  4 porcupines
  3 water moccasins
  A soldier ant (D:12)
  3 sky beasts
  A deep dwarf (D:10)
  4 ice beasts
  A necrophage (D:10)
  2 phantoms (D:5)
  A black bear (D:10)
  6 ogres
  A crocodile (Lair:1)
  An eye of draining (D:10)
  5 centaurs
  9 giant frogs
  2 big kobolds
  A gnoll sergeant (D:10)
  2 wyvern zombies
  2 scorpions
  4 wights (D:9)
  A killer bee (D:13)
  3 crimson imps
  2 goliath beetles
  2 quasits
  2 giant frog zombies
  5 jellies
  A centaur zombie (D:8)
  4 iguanas
  3 orc priests
  6 hounds
  3 centaur skeletons
  A giant frog skeleton (D:8)
  6 orc wizards
  12 worker ants
  A mummy (D:9)
  12 adders
  11 gnolls
  46 river rats
  2 giant mites
  2 shadow imps
  2 worms
  7 giant geckos
  7 oozes
  30 orcs
  4 ball pythons
  14 bats
  A bat skeleton (D:4)
  6 giant cockroaches
  15 goblins
  13 hobgoblins
  18 jackals
  18 kobolds
  7 quokkas
  6 giant newts
  A giant spore (D:7)
  A jackal skeleton (D:8)
  2 quokka zombies
  6 rats
  A spectral orc (D:11)
  A ballistomycete (D:7)
  A plant (Lair:1)
368 creatures vanquished.

Vanquished Creatures (collateral kills)
  Joseph (D:8)
  A basilisk (Lair:1)
  A steam dragon (D:9)
  An ogre (D:3)
  A giant frog (D:9)
  A centaur skeleton (D:5)
  3 orc priests
  An iguana (D:4)
  An orc wizard (D:6)
  Ijyb (D:3)
  Robin (D:3)
  An adder (Lair:1)
  A worm (D:3)
  3 orcs (D:5)
  4 hobgoblins
  11 goblins (D:3)
  A kobold (D:3)
  2 rats (D:5)
36 creatures vanquished.

Vanquished Creatures (others)
  An orc (D:7)
  A fungus (Lair:2)
2 creatures vanquished.

Grand Total: 406 creatures vanquished

Notes
Turn   | Place    | Note
--------------------------------------------------------------
     0 | D:1      | BluebellGnoll, the High Elf Hunter, began the quest for the Orb.
     0 | D:1      | Reached XP level 1. HP: 14/14 MP: 2/2
    65 | D:1      | Reached XP level 2. HP: 18/20 MP: 3/3
   520 | D:1      | Found a sparkling altar of Nemelex Xobeh.
   526 | D:1      | Became a worshipper of Nemelex Xobeh the Trickster
   542 | D:1      | Received a gift from Nemelex Xobeh
   719 | D:2      | Reached XP level 3. HP: 26/26 MP: 5/5
  1089 | D:2      | Found a deep blue altar of Sif Muna.
  1472 | D:2      | Found a shimmering altar of Xom.
  1476 | D:2      | Reached XP level 4. HP: 34/34 MP: 7/7
  1928 | D:3      | Noticed Ijyb
  1936 | D:3      | Killed Ijyb
  1936 | D:3      | Reached skill level 5 in Fighting
  1978 | D:3      | Noticed Robin
  1995 | D:3      | Reached skill level 1 in Evocations
  1995 | D:3      | Reached XP level 5. HP: 30/39 MP: 9/9
  2015 | D:3      | Killed Robin
  2041 | D:3      | Noticed an ogre
  2065 | D:3      | Killed an ogre
  2229 | D:3      | Received a gift from Nemelex Xobeh
  2260 | D:3      | Found an iron altar of Okawaru.
  3126 | D:4      | Reached XP level 6. HP: 18/45 MP: 13/13
  3199 | D:4      | Noticed Edmund
  3207 | D:4      | Killed Edmund
  3207 | D:4      | Reached skill level 6 in Bows
  3234 | D:4      | Reached skill level 7 in Bows
  3861 | D:5      | Entered Level 5 of the Dungeon
  3866 | D:5      | Reached skill level 8 in Bows
  3866 | D:5      | Reached XP level 7. HP: 43/50 MP: 16/16
  3949 | D:5      | Received a gift from Nemelex Xobeh
  4028 | D:5      | Reached skill level 9 in Bows
  4080 | D:5      | Found a staircase to the Ecumenical Temple.
  4119 | Temple   | Entered the Ecumenical Temple
  4502 | D:5      | Found Kualuiczih's Armour Emporium.
  4529 | D:5      | Found a bloodstained altar of Trog.
  4677 | D:5      | Reached skill level 10 in Bows
  4872 | D:6      | Found a deep blue altar of Sif Muna.
  4958 | D:6      | Received a gift from Nemelex Xobeh
  4980 | D:6      | Acquired Nemelex Xobeh's first power
  5001 | D:6      | Noticed Turgon's ghost (average DsBe)
  5024 | D:6      | Killed Turgon's ghost
  5024 | D:6      | Reached skill level 5 in Evocations
  5024 | D:6      | Reached XP level 8. HP: 6/55 MP: 16/19
  6225 | D:7      | Received a gift from Nemelex Xobeh
  6352 | D:7      | Reached XP level 9. HP: 25/61 MP: 23/23
  6813 | D:7      | Found a snail-covered altar of Cheibriados.
  6869 | D:7      | Found Kilewk's Antique Armour Shoppe.
  6877 | D:7      | Upgraded the game from 0.16-a0-4092-gb8933cd to 0.16-a0-4097-gb4d75fa
  6904 | D:7      | Bought a pair of translucent boots for 256 gold pieces
  6904 | D:7      | Bought a pair of embroidered gloves for 121 gold pieces
  6909 | D:7      | Identified the +0 pair of boots "Fis Nim" {Int+4} (You bought it in a shop on level 7 of the Dungeon)
  7246 | D:8      | Noticed Joseph
  7500 | D:8      | Noticed Maurice
  7502 | D:8      | HP: 2/66 [Joseph/sling bullet (14)]
  7851 | D:8      | Found Dumom's Antique Armour Boutique.
  7873 | D:8      | Received a gift from Nemelex Xobeh
  7936 | D:8      | Noticed MrRokkomies' ghost (experienced OpTm)
  7947 | D:8      | Killed MrRokkomies' ghost
  8318 | D:8      | Acquired Nemelex Xobeh's second power
  8634 | D:8      | Noticed Maurice
  8634 | D:8      | Maurice changed into Maurice the porcupine
  8636 | D:8      | Killed Maurice the porcupine
  8748 | D:9      | Reached skill level 10 in Fighting
  8797 | D:9      | Reached XP level 10. HP: 53/76 MP: 25/25
  9090 | D:8      | Noticed a white ugly thing
  9146 | D:8      | Killed Joseph
  9146 | D:8      | Reached skill level 11 in Bows
  9769 | D:10     | Entered Level 10 of the Dungeon
  9846 | D:10     | Found a staircase to the Lair.
  9872 | D:10     | Received a gift from Nemelex Xobeh
  9913 | D:10     | Reached skill level 12 in Bows
 10098 | D:10     | Noticed a hill giant
 10140 | D:10     | Killed a hill giant
 10213 | D:10     | Reached skill level 13 in Bows
 10475 | Lair:1   | Entered Level 1 of the Lair of Beasts
 10475 | Lair:1   | Received a gift from Nemelex Xobeh
 10475 | Lair:1   | Received a gift from Nemelex Xobeh
 11170 | Lair:1   | Reached skill level 5 in Dodging
 11722 | Lair:2   | Reached XP level 11. HP: 81/81 MP: 26/26
 11901 | Lair:2   | Received a gift from Nemelex Xobeh
 11953 | Lair:2   | Identified a scroll of acquirement
 12081 | Lair:2   | Acquired Nemelex Xobeh's third power
 12359 | Lair:2   | Received a gift from Nemelex Xobeh
 12779 | D:11     | Noticed an unseen horror
 12782 | D:11     | Killed an unseen horror
 12783 | D:11     | Noticed Nergalle
 12787 | D:11     | Noticed Nergalle
 12787 | D:11     | Nergalle changed into Nergalle the eye of devastation
 12817 | D:11     | Killed Nergalle the eye of devastation
 12888 | D:11     | Noticed Harold
 12893 | D:11     | Noticed Harold
 12893 | D:11     | Harold changed into Harold the anubis guard
 12901 | D:11     | Killed Harold the anubis guard
 12969 | D:11     | Reached skill level 5 in Long Blades
 13043 | D:11     | Noticed Fannar
 13058 | D:11     | Noticed Fannar
 13058 | D:11     | Fannar changed into Fannar the anubis guard
 13060 | D:11     | Fannar the anubis guard changed into Fannar the raiju
 13320 | D:11     | Noticed a hill giant
 13334 | D:11     | Killed a hill giant
 13449 | D:11     | Found a basalt altar of Yredelemnul.
 13453 | D:11     | Received a gift from Nemelex Xobeh
 13827 | Lair:2   | Drew Focus: Dex increased to 20, Str decreased to 10
 14663 | D:12     | Found a staircase to the Orcish Mines.
 14809 | D:12     | Received a gift from Nemelex Xobeh
 14854 | D:12     | Found a bloodstained altar of Trog.
 14919 | D:12     | Found Wuawk's Jewellery Boutique.
 14984 | D:12     | Got an ancient helmet
 14995 | D:12     | Identified the cursed +0 helmet of the Hall of Blades {+Fly rN+ Int+2} (You found it on level 12 of the Dungeon)
 15539 | D:13     | Noticed a hill giant
 15568 | D:13     | HP: 2/121 [brown ugly thing (7)]
 15568 | D:13     | Splashed by a brown ugly thing's acid

Action                   |  1- 3 |  4- 6 |  7- 9 | 10-12 || total
-------------------------+-------+-------+-------+-------++-------
Melee: Dagger            |       |     7 |    28 |    28 ||    63
       Short sword       |       |       |     2 |   106 ||   108
       Scimitar          |       |       |       |   118 ||   118
 Fire: Shortbow          |    99 |   188 |   464 |   597 ||  1348
Throw: Throwing net      |       |       |       |     4 ||     4
Invok: Deal Four         |       |       |     1 |       ||     1
       Triple Draw       |       |       |       |     2 ||     2
       Stack Five        |       |       |       |     2 ||     2
Evoke: Deck              |       |     9 |    23 |    34 ||    66
       Wand              |       |       |       |     2 ||     2
  Use: Scroll            |     5 |     3 |     8 |    13 ||    29
       Potion            |       |     3 |     3 |     1 ||     7
 Stab: Sleeping          |       |     1 |     2 |     1 ||     4
  Eat: Chunk             |     6 |    10 |    13 |    23 ||    52
